 Dungeon Crawl Stone Soup version 0.32-a0-898-g7811c86cf0 (webtiles) character file.

Game seed: 4084274489344838294

749 jasper the Ruffian (level 7, -1/50 HPs)
             Began as an Octopode Fighter on Apr 4, 2024.
             Slain by a centaur zombie (2 damage)
             ... on level 4 of the Dungeon.
             The game lasted 00:05:13 (3094 turns).

jasper the Ruffian (Octopode Fighter)               Turns: 3094, Time: 00:05:13

Health: -1/50      AC:  1    Str: 17    XL:     7   Next: 77%
Magic:  7/7        EV: 11    Int: 11    God:
Gold:   214        SH:  9    Dex: 11    Spells: 6/6 levels left

rFire   . .          .
                       - Unarmed
rCold   . . .        l - +1 kite shield
rNeg    . . .        (helmet restricted)
rPois   .            (no amulet)
rElec   .            (no ring)
rCorr   .            (no ring)
SInv    .            (no ring)
Will    .....        (no ring)
Stlth   ++           (no ring)
HPRegen 0.28/turn    (no ring)
MPRegen 0.10/turn    (no ring)
                     (no ring)

%: no passive effects
@: mighty
A: almost no armour, amphibious, 8 rings, camouflage 1, gelatinous body 1,
(nimble swimmer 1), tentacles
a: no special abilities


You were on level 4 of the Dungeon.
You visited 1 branch of the dungeon, and saw 4 of its levels.
You also visited: Ossuary.

You collected 216 gold pieces.
You donated 2 gold pieces to Zin.

Inventory:

Missiles
 c - 20 stones (quivered)
 g - 11 poisoned darts
Armour
 a - a +0 buckler
 l - a +1 kite shield (worn)
Jewellery
 n - a ring of positive energy
Scrolls
 d - 3 scrolls of fog
 k - a scroll of enchant armour
 o - a scroll of poison {unknown}
Potions
 e - 2 potions of heal wounds {unknown}
 f - 7 potions of curing
 h - 2 potions of resistance
 i - 2 potions of brilliance
 j - 6 potions of mutation
 m - 2 potions of enlightenment {unknown}


   Skills:
 + Level 5.1 Fighting
 - Level 3.0 Dodging
 + Level 5.0 Shields
 * Level 6.2 Unarmed Combat


You had 6 spell levels left.
You didn't know any spells.
Your spell library contained the following spells:

 Spells                   Type           Power      Damage    Failure   Level
 Apportation              Tloc           0%         N/A       67%         1
 Jinxbite                 Hex            0%         N/A       80%         2
 Alistair's Intoxication  Alch           0%         N/A       100%        5


Dungeon Overview and Level Annotations

Branches:
Dungeon (4/15)            Ossuary (visited)
 Temple: D:4-7

Altars:
Uskayaw
Xom
Zin


Innate Abilities, Weirdness & Mutations

You cannot wear most types of armour.
You are amphibious.
You can wear up to eight rings at the same time.
Your skin changes colour to match your surroundings (Stealth+).
Your rubbery body absorbs attacks. (AC +1, EV +1)
((You are camouflaged when in or above water. (Stealth+)))
You have tentacles for arms and can constrict up to eight enemies at once.


Message History

You feel sick. You block the centaur zombie's attack.
The centaur zombie kicks you. The centaur zombie hits you.
The centaur zombie barely misses you. The howler monkey skeleton hits you.
You take 9 damage, and have 22/50 hp.
You feel sick.
The centaur zombie attacks as it pursues you!
The centaur zombie barely misses you.
The centaur zombie kicks you but does no damage.
The howler monkey skeleton hits you.
You take 5 damage, and have 17/50 hp.
You tentacle-slap the centaur zombie but do no damage.
You feel sick.
You are no longer poisoned.
You block the centaur zombie's attack. The centaur zombie kicks you.
* * * LOW HITPOINT WARNING * * *
The howler monkey skeleton hits you.
* * * LOW HITPOINT WARNING * * *
You take 8 damage, and have 9/50 hp.
You tentacle-slap the centaur zombie.
The centaur zombie is lightly damaged.
The centaur zombie barely misses you. You block the centaur zombie's attack.
The howler monkey skeleton closely misses you.
The centaur zombie hits you.
* * * LOW HITPOINT WARNING * * *
The centaur zombie kicks you but does no damage.
You take 1 damage, and have 8/50 hp.
You feel very mighty all of a sudden. The centaur zombie barely misses you.
The centaur zombie kicks you.
* * * LOW HITPOINT WARNING * * *
The howler monkey skeleton hits you.
* * * LOW HITPOINT WARNING * * *
You take 3 damage, and have 5/50 hp.
You bludgeon the howler monkey skeleton!
You grab the howler monkey skeleton.
The howler monkey skeleton is severely damaged.
You constrict the howler monkey skeleton.
The centaur zombie hits you.
* * * LOW HITPOINT WARNING * * *
The centaur zombie kicks you.
You die...

### ################.#
#...@Z.).........#
#....Z.#########.# #..).....#
#.# ###### #.#(....## #.#
#....######.......# #.#
+...............### #.#
#...ยง#######################.#
'...........................>#
#....##.############.#######.#


You could see a centaur zombie and a howler monkey skeleton.

Vanquished Creatures
  A phantom (D:4)
  A weeping skull (Ossuary)
  5 water moccasin zombies (Ossuary)
  A water moccasin skeleton (D:4)
  A spectral scorpion (Ossuary)
  A crocodile zombie (Ossuary)
  2 mummies (Ossuary)
  3 gnolls (D:4)
  A howler monkey skeleton (D:4)
  4 adders
  8 adder zombies
  A ribbon worm (D:3)
  3 dart slugs
  3 orcs (D:4)
  4 endoplasms
  5 giant cockroaches
  6 gnoll zombies (Ossuary)
  5 goblins
  8 hobgoblins
  7 jackals
  4 kobolds
  2 quokkas (D:2)
  5 ball pythons
  5 bats
  4 frilled lizards
  6 jackal zombies (Ossuary)
  4 orc zombies (Ossuary)
  5 rats
105 creatures vanquished.

Notes
Turn   | Place    | Note
-------+----------+-------------------------------------------
     0 | D:1      | jasper the Octopode Fighter began the quest for the Orb.
     0 | D:1      | Reached XP level 1. HP: 16/16 MP: 1/1
   169 | D:1      | Reached XP level 2. HP: 21/21 MP: 2/2
   684 | D:1      | Found a faded altar of an unknown god.
   688 | D:1      | Reached XP level 3. HP: 26/26 MP: 3/3
   693 | D:1      | Prayed at the altar of an unknown god.
   693 | D:1      | Became a worshipper of Zin the Law-Giver
   693 | D:1      | Reached * piety under Zin
   694 | D:1      | Fell from the grace of Zin
  1001 | D:2      | Reached skill level 3 in Unarmed Combat
  1195 | D:2      | Found a shimmering altar of Xom.
  1214 | D:2      | Reached XP level 4. HP: 31/31 MP: 4/4
  2229 | D:4      | Found a sand-covered staircase.
  2238 | Ossuary  | Entered an ossuary
  2352 | Ossuary  | Reached skill level 4 in Unarmed Combat
  2352 | Ossuary  | Reached XP level 5. HP: 33/37 MP: 5/5
  2359 | Ossuary  | Reached XP level 6. HP: 38/43 MP: 6/6
  2404 | Ossuary  | Reached skill level 5 in Unarmed Combat
  2437 | Ossuary  | Reached XP level 7. HP: 31/49 MP: 7/7
  2622 | D:4      | Found a hide-covered altar of Uskayaw.
  2750 | D:4      | Reached skill level 5 in Fighting
  2750 | D:4      | Reached skill level 5 in Shields
  2750 | D:4      | Reached skill level 6 in Unarmed Combat
  3094 | D:4      | HP: 1/50 [centaur zombie (4)]
  3094 | D:4      | Slain by a centaur zombie

Illustrated notes

Levels and vault maps discovered:
D:1:      lightli_arrival_flooded_house, layout_loops_corners, serial_glass,
          glass_columns_a, glass_columns_a, glass_columns_a, glass_columns_a,
          hellmonk_ecumenical_altar_prayer_group, wad_floor_pattern_1
D:2:      minmay_evil_eye, layout_basic, basic_altar, minmay_tetromino_o4
D:3:      layout_basic
D:4:      layout_basic, nicolae_uskayaw_murder_on_the_dancefloor,
          chequers_ossuary_entry_cave, serial_undead, serial_undead_a,
          serial_undead_f, serial_undead_a, serial_undead_a

Skill      XL: |  1  2  3  4  5  6  7 |
---------------+----------------------+-----
Unarmed Combat | 3 4 5 6 |  6.2
Fighting       | 4 5 |  5.1
Shields        | 4 5 |  5.0
Dodging        | |  3.0

Action                     |  1- 3 |  4- 6 |  7- 9 || total
---------------------------+-------+-------+-------++-------
  Melee: Unarmed           |    61 |   105 |    72 ||   238
         Tentacles         |    13 |    30 |    17 ||    60
         Constrict         |    14 |    30 |    20 ||    64
         Punch             |     1 |     6 |     2 ||     9
  Throw: Stone             |     1 |       |       ||     1
 Invoke: Renounce Religion |     1 |       |       ||     1
    Use: Scroll            |     5 |     4 |       ||     9
         Potion            |       |       |     1 ||     1
   Stab: Sleeping          |     7 |     3 |     1 ||    11
 Armour: Skin              |    23 |    33 |    43 ||    99
  Dodge: Dodged            |    32 |    57 |    23 ||   112
  Block: Buckler           |    12 |    11 |       ||    23
         Kite shield       |       |    22 |    33 ||    55

Table legend: (Time is in decaauts)
 A = Elapsed time spent in this place.
 B = Non-inter-level travel time spent in this place.
 C = Inter-level travel time spent in this place.
 D = Time resting spent in this place.
 E = Time spent auto-exploring this place.
 F = Levels seen in this place.
 G = Mean time per level.
                   A        B        C        D        E       F      G
               +--------+--------+--------+--------+--------+-----+--------+
         Total |   3098 |   3022 |     76 |    136 |   2111 |   5 |  619.6 |
       Dungeon |   2732 |   2656 |     76 |      0 |   2055 |   4 |  683.0 |
       Ossuary |    366 |    366 |      0 |    136 |     56 |   1 |  366.0 |
               +--------+--------+--------+--------+--------+-----+--------+

Top non-repeatable levels by time:
     D:1: 944 daAuts
     D:3: 618 daAuts
     D:2: 595 daAuts
     D:4: 574 daAuts
 Ossuary: 366 daAuts
